 Dungeon Crawl Stone Soup version 0.18.1-1-g2f07953 (webtiles) character file.

431 oplop the Changer (level 6, 0/36 HPs)
             Began as an Octopode Transmuter on May 7, 2016.
             Slain by a giant gecko (3 damage)
             ... on level 5 of the Dungeon.
             The game lasted 00:06:30 (4865 turns).

oplop the Changer (Octopode Transmuter)             Turns: 4865, Time: 00:06:30

Health: 0/36       AC:  1    Str: 16    XL:     6   Next: 99%
Magic:  2/11       EV: 14    Int: 16    God:
Gold:   232        SH:  0    Dex: 19    Spells: 3 memorised, 5 levels left

rFire  . . .     SeeInvis .       - Unarmed
rCold  . . .     Gourm    .     (no shield)
rNeg   . . .     Faith    .     (helmet restricted)
rPois  .         Spirit   .     (no amulet)
rElec  .         Dismiss  .     s - +5 ring of dexterity
rCorr  .         Reflect  .     n - +5 ring of strength
SustAt .         Harm     .     v - ring of teleportation (curse)
MR     .....     Rnd*Tele +     (no ring)
Stlth  ++........               (no ring)
                                (no ring)
                                (no ring)
                                (no ring)

@: confused, very slightly contaminated, not resistant to hostile enchantments,
unstealthy
A: almost no armour, amphibious, 8 rings, constrict 8, camouflage 1, agile 1,
blink, frail 1, mutation resistance 1, gelatinous body 1
a: Blink


You were on level 5 of the Dungeon.
You were not hungry.

You visited 1 branch of the dungeon, and saw 5 of its levels.

You collected 232 gold pieces.

Inventory:

Missiles
 a - 27 arrows
Jewellery
 n - a +5 ring of strength (right tentacle)
 s - a +5 ring of dexterity (left tentacle)
 v - a cursed ring of teleportation (on tentacle)
Scrolls
 d - 2 scrolls of identify
 f - a scroll of enchant weapon
 o - a scroll of fear
Potions
 h - 2 potions of degeneration
 m - a potion of ambrosia
 t - 2 potions of brilliance
 w - a potion of heal wounds
 x - a potion of lignification
Books
 b - a book of Changes

   Spells                             Type                      Level
   a - Beastly Appendage              Transmutation                1
   b - Sticks to Snakes               Transmutation                2
   c - Spider Form                    Transmutation/Poison         3
   d - Ice Form                       Ice/Transmutation            4
   e - Blade Hands                    Transmutation                5
 q - a book of Power

   Spells                             Type                      Level
   a - Fulminant Prism                Conjuration/Hexes            4
   b - Iskenderun's Mystic Blast      Conjuration                  4
   c - Venom Bolt                     Conjuration/Poison           5
   d - Bolt of Magma                  Conjuration/Fire/Earth       5
   e - Iron Shot                      Conjuration/Earth            6
   f - Orb of Destruction             Conjuration                  7
   g - Spellforged Servitor           Conjuration/Summoning        7
Comestibles
 c - 4 bread rations
 g - 4 chunks of flesh
 j - 4 meat rations
 l - 4 fruits


   Skills:
 + Level 2.6 Fighting
 + Level 3.3 Dodging
 + Level 4.0 Unarmed Combat
 + Level 3.4 Spellcasting
 * Level 4.4 Transmutations


You had 5 spell levels left.
You knew the following spells:

 Your Spells              Type           Power        Failure   Level  Hunger
a - Beastly Appendage     Trmt           ###...       3%          1    None
b - Sticks to Snakes      Trmt           ###.....     6%          2    ##.....
c - Spider Form           Trmt/Pois      #.........   21%         3    ###....


Dungeon Overview and Level Annotations

Branches:
Dungeon (5/15)
 Temple: D:4-7

Altars:
Makhleb
Ru
Trog
The Shining One

Annotations:
D:4 Sigmund


Innate Abilities, Weirdness & Mutations

You cannot wear most types of armour.
You are amphibious.
You can wear up to eight rings at the same time.
You can use your tentacles to constrict eight enemies at once.
Your skin changes colour to match your surroundings (Stealth).
Your rubbery body absorbs attacks (AC +1).
You are agile. (Dex +2)
You can translocate small distances at will.
You are frail (-10% HP).
You are somewhat resistant to further mutation.


Message History

The hound is moderately wounded.
You constrict the hound. The hound barely misses you.
The giant gecko misses you. The hound barely misses you.
Unknown command.
Casting: Spider Form
Confirm with . or Enter, or press ? or * to list all spells.
You miscast Spider Form.
Nothing appears to happen.
You constrict the hound. The giant gecko closely misses you.
The hound misses you. The giant gecko barely misses you.
Unknown command.
Casting: Spider Form
Confirm with . or Enter, or press ? or * to list all spells.
You miscast Spider Form.
You are engulfed in noxious fumes.
You choke on the stench!
You are confused.
* * * LOW HITPOINT WARNING * * *
You constrict the hound. The hound bites you.
* * * LOW HITPOINT WARNING * * *
The giant gecko bites you.
You die...

##..# .# ####.### ###.##
#......##.....#
#.##.#.#.......
#.##.#......... #######
#)##)..........
......########.## #.g.g.....
#.....##........###g#....S..
.......#.#####..@lgg##..g.#.
.........# ##h##### ###g#
.......### #.# # รท....###
#[# ##<..# #.# ##### ... .#.
.


You could see a gnoll shaman, a hound, 2 gnolls and a giant gecko.

Vanquished Creatures
  2 orc priests
  Ijyb (D:2)
  An iguana (D:4)
  4 orc wizards
  2 gnolls (D:5)
  4 adders
  2 oozes
  2 adder skeletons (D:4)
  A worm (D:2)
  4 dart slugs
  5 giant geckos
  11 orcs
  7 bats
  3 giant cockroaches
  3 hobgoblins
  4 jackals (D:1)
  2 quokkas
  A ball python (D:1)
  5 giant newts
  4 goblins
  A jackal zombie (D:5)
  7 kobolds
  6 rats
82 creatures vanquished.

Vanquished Creatures (collateral kills)
  An ogre (D:4)
1 creature vanquished.

Grand Total: 83 creatures vanquished

Notes
Turn   | Place    | Note
--------------------------------------------------------------
     0 | D:1      | oplop the Octopode Transmuter began the quest for the Orb.
     0 | D:1      | Reached XP level 1. HP: 13/13 MP: 3/3
    84 | D:1      | Reached XP level 2. HP: 10/18 MP: 3/5
   734 | D:1      | Reached XP level 3. HP: 19/23 MP: 4/6
  1547 | D:2      | Learned a level 2 spell: Sticks to Snakes
  1551 | D:2      | Learned a level 3 spell: Spider Form
  1765 | D:2      | Reached XP level 4. HP: 17/28 MP: 5/7
  2104 | D:2      | Found a burning altar of Makhleb.
  2132 | D:2      | Noticed Ijyb
  2140 | D:2      | Killed Ijyb
  2380 | D:3      | Reached XP level 5. HP: 26/34 MP: 1/9
  3431 | D:4      | Noticed an ogre
  3439 | D:4      | Killed an ogre
  3494 | D:4      | Found a glowing golden altar of the Shining One.
  3579 | D:4      | Found a bloodstained altar of Trog.
  3628 | D:4      | Found a sacrificial altar of Ru.
  3639 | D:4      | Reached XP level 6. HP: 39/39 MP: 10/10
  4348 | D:4      | Noticed Sigmund
  4368 | D:5      | Entered Level 5 of the Dungeon
  4377 | D:4      | Gained mutation: You can translocate small distances at will. [potion of mutation]
  4377 | D:4      | Gained mutation: You are frail (-10% HP). [potion of mutation]
  4377 | D:4      | Gained mutation: You are agile. (Dex +2) [potion of mutation]
  4378 | D:4      | Gained mutation: You are somewhat resistant to further mutation. [potion of mutation]
  4865 | D:5      | Slain by a giant gecko

Skill      XL: |  1  2  3  4  5  6 |
---------------+-------------------+-----
Transmutations | 3 4 |  4.4
Fighting       | 2 |  2.6
Dodging        | 3 |  3.3
Spellcasting   | 3 |  3.4
Unarmed Combat | 4 |  4.0

Action                   |  1- 3 |  4- 6 || total
-------------------------+-------+-------++-------
Melee: Unarmed           |    76 |   132 ||   208
       Constrict         |    19 |    20 ||    39
       Tentacles         |    14 |    17 ||    31
       Kick              |     5 |     8 ||    13
       Punch             |     1 |       ||     1
 Cast: Beastly Appendage |    16 |    10 ||    26
       Spider Form       |       |    15 ||    15
       Sticks to Snakes  |       |     5 ||     5
 Abil: End Transformatio |       |     1 ||     1
  Use: Scroll            |       |    13 ||    13
       Potion            |       |     3 ||     3
 Stab: Sleeping          |     5 |     4 ||     9
       Paralysed         |       |     1 ||     1
       Distracted        |       |     1 ||     1
  Eat: Chunk             |     3 |    12 ||    15
Armor: Skin              |     6 |     5 ||    11
Dodge: Dodged            |    51 |   100 ||   151
